 Dungeon Crawl Stone Soup version 0.17.0-18-gaab0e96 (webtiles) character file.

322 4thArraOfDagon the Ruffian (level 6, -1/56 HPs)
             Began as a Minotaur Monk on Nov 11, 2015.
             Splashed by a jelly's acid (6 damage)
             ... on level 7 of the Dungeon.
             The game lasted 00:04:16 (804 turns).

4thArraOfDagon the Ruffian (Minotaur Monk)           Turns: 804, Time: 00:04:16

Health: -1/56      AC: -4    Str: 16    XL:     6   Next: 22%
Magic:  5/5        EV:  8    Int: 13    God:
Gold:   160        SH:  0    Dex: 12    Spells: 0 memorised, 5 levels left

rFire  . . .     SeeInvis .       - Unarmed
rCold  . . .     Clarity  .     i - +0 chain mail
rNeg   . . .     SustAt   +     (no shield)
rPois  +         Gourm    .     (helmet restricted)
rElec  +         Spirit   .     (no cloak)
rCorr  .         Warding  .     (no gloves)
rMut   .         Stasis   .     (no boots)
MR     .....                    (no amulet)
Stlth  ..........               k - ring of poison resistance
                                m - ring "Piegaca" {SustAt rElec Int+4}

@: corroded equipment, not resistant to hostile enchantments, extremely
unstealthy
A: retaliatory headbutt, horns 2
a: no special abilities


You were on level 7 of the Dungeon.
You were not hungry.

You visited 1 branch of the dungeon, and saw 7 of its levels.

You collected 160 gold pieces.

Inventory:

Armour
 i - a +0 chain mail (worn)
Jewellery
 a - an uncursed ring of stealth
 e - an uncursed ring of see invisible
 k - a ring of poison resistance (right hand)
 m - the ring "Piegaca" (left hand) {SustAt rElec Int+4}
   (You found it on level 7 of the Dungeon)

   [ring of sustain attributes]

   It sustains your strength, intelligence and dexterity.
   It affects your intelligence (+4).
   It insulates you from electricity.
Scrolls
 c - a scroll of enchant weapon {unknown}
 d - 2 scrolls of identify {unknown}
 g - 2 scrolls of teleportation {unknown}
 h - a scroll of remove curse {unknown}
 j - a scroll of vulnerability {unknown}
Potions
 l - a potion of lignification {unknown}
 n - a potion of brilliance {unknown}
Comestibles
 b - 2 bread rations
 f - a meat ration


   Skills:
 + Level 5.1 Fighting
 + Level 4.5 Dodging
 - Level 1.5 Stealth
 * Level 6.8 Unarmed Combat


You had 5 spell levels left.
You didn't know any spells.

Dungeon Overview and Level Annotations

Branches:
Dungeon (7/15)
 Temple: D:4-7

Altars:

Shops:
D:4 *

Annotations:
D:7 4thArraOfDagon's ghost, novice MiMo


Innate Abilities, Weirdness & Mutations

You reflexively headbutt those who attack you in melee.
You have a pair of horns on your head.


Message History

You hit the shadow imp.
You kill the shadow imp!
The jelly hits you but does no damage.
Unknown command.
You hit the jelly. The acid corrodes you!
Your hands burn!
The jelly is lightly wounded.
The jelly hits you.
You are splashed with acid!
The acid corrodes you!
The acid burns!
* * * LOW HITPOINT WARNING * * *
You punch the jelly! The acid corrodes you!
Your hands burn!
* * * LOW HITPOINT WARNING * * *
The jelly is severely wounded.
Unknown command.
You hit the jelly.
Your hands burn!
* * * LOW HITPOINT WARNING * * *
The jelly is severely wounded.
The jelly hits you.
* * * LOW HITPOINT WARNING * * *
You are splashed with acid!
The acid corrodes you!
The acid burns!
You die...

......................
...###...
..######......#.......
.. #... ..# #.#
#.....# # #.... ..#
##.###...# ...#.. ..#
###........# ..###..
..####.......##.# .#
#.. ..#.....#)#####.#
... .....# #.#
#J######## .... ..####
#.# #.@....... .. ..##
###.########...... ...
...####..........
..... ..#
........#.####)## #.#.
## ...>#####.# ..
#.......... .
....#......#
......###... ......#
#..##


You could see a jelly.

Vanquished Creatures
  A giant frog (D:7)
  2 crimson imps
  A jelly (D:7)
  An orc priest (D:3)
  A centaur skeleton (D:7)
  An orc wizard (D:4)
  2 adders
  2 shadow imps
  2 adder skeletons
  An adder zombie (D:6)
  A worm (D:3)
  A giant gecko (D:3)
  3 orcs (D:3)
  2 bats
  A hobgoblin (D:1)
  A quokka (D:4)
  2 ball pythons
  A giant newt (D:1)
  4 rats
30 creatures vanquished.

Notes
Turn   | Place    | Note
--------------------------------------------------------------
     0 | D:1      | 4thArraOfDagon the Minotaur Monk began the quest for the Orb.
     0 | D:1      | Reached XP level 1. HP: 19/19 MP: 0/0
   215 | D:3      | Reached XP level 2. HP: 25/27 MP: 1/1
   308 | D:3      | Reached skill level 5 in Unarmed Combat
   342 | D:3      | Reached XP level 3. HP: 14/33 MP: 2/2
   364 | D:4      | Reached XP level 4. HP: 13/40 MP: 3/3
   403 | D:4      | Found Lisattuu's General Store.
   540 | D:5      | Entered Level 5 of the Dungeon
   546 | D:5      | Noticed an ogre
   570 | D:7      | Noticed 4thArraOfDagon's ghost (novice MiMo)
   598 | D:6      | Reached skill level 6 in Unarmed Combat
   621 | D:6      | Reached XP level 5. HP: 44/47 MP: 4/4
   653 | D:6      | Noticed an orc warrior
   668 | D:6      | You fall through a shaft!
   693 | D:7      | Noticed a giant frog
   706 | D:7      | Killed a giant frog
   706 | D:7      | Reached skill level 5 in Fighting
   706 | D:7      | Reached XP level 6. HP: 8/56 MP: 5/5
   767 | D:7      | Got a sparkling marble ring
   769 | D:7      | Identified the ring "Piegaca" {SustAt rElec Int+4} (You found it on level 7 of the Dungeon)
   804 | D:7      | Splashed by a jelly's acid

Action                   |  1- 3 |  4- 6 || total
-------------------------+-------+-------++-------
Melee: Unarmed           |    58 |    59 ||   117
  Use: Potion            |     1 |       ||     1
       Scroll            |       |     1 ||     1
